Map: Frozen Temple

Players

MakeAllry

  • Race: Zerg Zerg

Liraquin - Winner!

  • Race: Protoss Protoss
  • League: Gold

VOD

Have the link to the VOD?

Description

my test

Time

  • Played on: Oct. 16, 2016, 6:20 p.m.
  • Length: 8:11
Show
View Real Time Build Order
Export as new Build Order

MakeAllry Zerg 

Build Orders: Pool First 

Get SALT Encoding   

  12  0:02  Drone  
  13  0:13  Overlord  
  13  0:23  Spawning Pool  
  12  0:29  Drone x2  
  14  0:41  Drone  
  15  0:52  Drone x2  
  17  1:11  Zergling x2  
  18  1:25  Hatchery  
  18  1:30  Queen  
  18  1:32  Zergling x4  
  22  1:47  Zergling x4  
  23  1:59  Zergling x2  
  24  2:26  Zergling x4  
  25  2:40  Zergling x4  
  24  3:01  Zergling x2  
  24  3:02  Zergling x6  
  27  3:06  Zergling x6  
  28  3:33  Zergling x6  
  21  4:13  Evolution Chamber  
  20  4:22  Drone x5  
  25  4:26  Extractor  
  25  4:31  Extractor, Drone  
  23  4:32  Drone x2  
  26  4:41  Zergling x4  
  28  4:54  Drone x2  
  28  4:55  Queen  
  32  5:09  Zergling x4  
  32  5:10  Zergling x2  
  32  5:13  Drone  
  36  5:21  Overlord  
  36  5:27  Zergling x6  
  39  5:32  Overlord  
  39  5:46  Drone  
  40  5:55  Drone x2  
  42  6:17  Overlord x2  
  42  6:18  Overlord x3  
  42  6:19  Hatchery  
  42  6:23  Hatchery  
  42  6:25  Zergling x6  
  42  7:05  Zergling x6  
  42  7:07  Zergling x2  
  42  7:08  Zergling x4  
  38  7:28  Zergling x6  
  41  7:38  Zergling x2  
  41  7:39  Zergling x4  
  44  7:46  Zergling x2  
Show
View Real Time Build Order
Export as new Build Order

Liraquin Protoss - Winner!

Build Orders: 1 Gate Expand, Nexus First 

Get SALT Encoding   

  12  0:00  Probe (Chrono Boost)  
  13  0:11  Probe (Chrono Boost)  
  13  0:20  Pylon  
  14  0:28  Probe (Chrono Boost)  
  15  0:35  Assimilator  
  15  0:40  Probe (Chrono Boost)  
  16  0:45  Gateway  
  16  0:52  Probe (Chrono Boost)  
  17  1:01  Nexus  
  18  1:04  Probe (Chrono Boost)  
  18  1:16  Probe (Chrono Boost)  
  19  1:28  Probe (Chrono Boost)  
  19  1:32  Pylon  
  20  1:34  Cybernetics Core  
  20  1:45  Assimilator  
  20  1:50  Pylon  
  20  1:58  Gateway  
  20  2:01  Gateway  
  20  2:04  Mothership Core (Chrono Boost), Gateway  
  24  2:25  Pylon  
  24  2:27  Adept  
  23  2:54  Adept  
  24  3:19  Probe x2 (Chrono Boost)  
  26  3:21  Adept  
  28  3:31  Probe x2 (Chrono Boost)  
  30  3:45  Warp Gate  
  30  3:48  Pylon, Adept  
  32  3:59  Pylon  
  32  4:05  Probe (Chrono Boost)  
  33  4:15  Adept  
  33  4:16  Gateway  
  35  4:17  Gateway  
  35  4:19  Gateway  
  35  4:22  Gateway  
  35  4:27  Robotics Facility  
  35  4:30  Robotics Facility  
  35  4:41  Assimilator  
  35  4:42  Adept  
  35  4:43  Assimilator  
  39  4:47  Probe x2 (Chrono Boost)  
  39  4:59  Probe x2 (Chrono Boost)  
  41  5:07  Adept x2  
  41  5:08  Adept x4  
  41  5:09  Adept  
  41  5:11  Probe x2 (Chrono Boost)  
  57  5:23  Probe x2 (Chrono Boost)  
  57  5:28  Warp Prism  
  61  5:33  Observer  
  61  5:34  Adept x2  
  61  5:35  Probe x2 (Chrono Boost), Adept x4  
  76  5:36  Adept  
  78  5:47  Probe (Chrono Boost)  
  78  5:48  Probe (Chrono Boost)  
  80  6:01  Probe (Chrono Boost)  
  82  6:13  Probe (Chrono Boost)  
  82  6:25  Probe (Chrono Boost)  
  83  6:40  Pylon  
  83  6:49  Adept x5  
  83  6:50  Adept  
  95  6:58  Adept  
  95  7:12  Adept x5  
  95  7:13  Adept  
  107  7:36  Pylon  
  107  7:38  Pylon  
  107  7:44  Twilight Council  
  107  7:47  Stargate  
  107  7:49  Stargate  
  107  7:56  Adept x3  
  107  7:57  Adept  
Tags
 
Add a new tag
Caveats
  • Supply blocks, unpowered buildings, or Contaminate may cause inaccurate times.
  • Supply counts are checked every 10 seconds.